 Dungeon Crawl Stone Soup version 0.28.0-49-g6dfe1f597d (webtiles) character file.

Game seed: 11835980813993925188

189 CryoSword the Chopper (level 5, -1/41 HPs)
             Began as a Demonspawn Abyssal Knight on May 15, 2022.
             Was a Believer of Lugonu.
             Slain by an ufetubus (3 damage)
             ... summoned by Eustachio
             ... on level 4 of the Dungeon.
             The game lasted 00:05:00 (4575 turns).

CryoSword the Chopper (Demonspawn Abyssal Knight)   Turns: 4575, Time: 00:05:01

Health: -1/41      AC:  6    Str: 15      XL:     5   Next: 40%
Magic:  6/6        EV:  9    Int: 12      God:    Lugonu [**....]
Gold:   124        SH:  4    Dex: 12 (13) Spells: 4/4 levels left

rFire   . . .      SeeInvis .   f - +1 whip (elec)
rCold   . . .      Faith    .   (no shield)
rNeg    . . .      Spirit   .   c - +0 scale mail
rPois   .          Reflect  .   (no helmet)
rElec   .          Harm     .   (no cloak)
rCorr   .          Rampage  .   (no gloves)
Will    .....                   (no boots)
Stlth   ..........              (no amulet)
HPRegen 0.13/turn               (no ring)
MPRegen 0.10/turn               (no ring)

@: no status effects
A: claws 1, condensation shield, weakness stinger 1
a: Renounce Religion, Depart the Abyss, Bend Space


You were on level 4 of the Dungeon.
You worshipped Lugonu.
Lugonu was pleased with you.
You visited 1 branch of the dungeon, and saw 4 of its levels.
You visited the Abyss 1 time.

You collected 124 gold pieces.

Inventory:

Hand Weapons
 a - a +2 hand axe
 f - a +1 whip of electrocution (weapon)
   (You took it off an orc on level 3 of the Dungeon)
 g - a +0 war axe
   (You took it off an orc on level 4 of the Dungeon)
Armour
 c - a +0 scale mail (worn)
   (You found it on level 3 of the Dungeon)
Wands
 b - a wand of iceblast (3) (quivered)
   (You took it off Ijyb on level 3 of the Dungeon)
Scrolls
 d - a scroll of immolation {unknown}
 h - a scroll of teleportation {@r4}
Potions
 e - a potion of curing {@q1}
 j - a potion of resistance {unknown}
 k - a potion of mutation {!q}
 l - a potion of heal wounds {unknown}


   Skills:
 - Level 3.0 Fighting
 + Level 5.2 Axes
 - Level 1.7 Armour
 - Level 0.8 Dodging
 - Level 2.4 Invocations


You had 4 spell levels left.
You didn't know any spells.
Your spell library contained the following spells:

 Spells                   Type           Power      Damage    Failure   Level
 Animate Skeleton         Necr           0%         N/A       78%         1
 Apportation              Tloc           0%         N/A       78%         1
 Summon Small Mammal      Summ           0%         N/A       78%         1
 Static Discharge         Conj/Air       0%         N/A       89%         2
 Dispel Undead            Necr           0%         3d6       100%        4
 Sticky Flame             Conj/Fire      0%         2d3       100%        4


Dungeon Overview and Level Annotations

Branches:
Dungeon (4/15)
 Temple: D:4-7

Altars:
Okawaru

Shops:
D:4 (

Annotations:
D:4 Eustachio


Innate Abilities, Weirdness & Mutations

You have sharp fingernails.
A meltable shield of frost defends you. (SH +4)
You have a small tail.


Message History

You hit the bullfrog skeleton.
The bullfrog skeleton barely misses you.
You hit the bullfrog skeleton. The bullfrog skeleton hits you. x2
You are too injured to fight recklessly!
You are too injured to fight recklessly!
You are too injured to fight recklessly!
Hit: f) +1 whip (elec)
Aim: a bullfrog skeleton (severely damaged, about 21% to evade your +1 whip of electrocution)
You completely miss the bullfrog skeleton.
The bullfrog skeleton hits you.
Hit: f) +1 whip (elec)
Aim: a bullfrog skeleton (severely damaged, about 21% to evade your +1 whip of electrocution)
You hit the bullfrog skeleton.
The bullfrog skeleton barely misses you.
Hit: f) +1 whip (elec)
Aim: a bullfrog skeleton (severely damaged, about 21% to evade your +1 whip of electrocution)
You barely miss the bullfrog skeleton. The bullfrog skeleton hits you.
Hit: f) +1 whip (elec)
Aim: a bullfrog skeleton (severely damaged, about 21% to evade your +1 whip of electrocution)
You hit the bullfrog skeleton.
You destroy the bullfrog skeleton!
Lugonu accepts your kill.
You feel your intelligence returning.
You have reached level 5!
Key pressed, stopping explore.
You now have 124 gold pieces (gained 11).
Found a quarterstaff.
Found 24 sling bullets.
h - the amulet "Wuc Wet" {Faith *Slow Dex+8} An adder comes into view.
The adder hisses angrily.
You hit the adder. You tail-slap the adder.
The adder bites you but does no damage.
You barely miss the adder. The adder completely misses you.
You hit the adder.
You kill the adder!
Lugonu accepts your kill.
No target in view!
You drop the amulet "Wuc Wet" {Faith *Slow Dex+8}.
A worm comes into view.
A worm is nearby!
A worm is nearby!
Found 23 stones.
Found a stone staircase leading up.
The worm bites you.
You barely miss the worm. You tail-slap the worm. You hit the worm.
Lightning courses through the worm!!
You kill the worm!
Lugonu accepts your kill.
Your Axes skill increases to level 5!
No target in view!
Found a whip.
h - a scroll of teleportation {@r4} You see here a +0 whip.
An iguana comes into view.
The iguana hisses angrily.
An iguana is nearby!
An iguana is nearby!
An iguana is nearby!
The iguana barely misses you.
You hit the iguana but do no damage.
Your tail-slap misses the iguana.
The iguana barely misses you.
You hit the iguana but do no damage.
Your tail-slap misses the iguana.
The iguana barely misses you.
You closely miss the iguana. The iguana completely misses you.
You hit the iguana.
The iguana bites you but does no damage.
You barely miss the iguana. You block the iguana's attack.
You barely miss the iguana. The iguana bites you.
You completely miss the iguana. The iguana closely misses you.
You hit the iguana but do no damage. You block the iguana's attack.
You hit the iguana but do no damage. The iguana closely misses you.
Unknown command.
You hit the iguana.
You tail-slap the iguana, but do no damage.
The iguana bites you.
Unknown command.
You hit the iguana. You block the iguana's attack.
You hit the iguana. The iguana bites you!
You hit the iguana.
Your tail-slap misses the iguana.
The iguana closely misses you.
You barely miss the iguana.
Your tail-slap misses the iguana.
The iguana bites you.
Unknown command.
You are too injured to fight recklessly!
Unknown command.
Hit: f) +1 whip (elec)
Aim: an iguana (moderately wounded, about 36% to evade your +1 whip of electrocution)
You barely miss the iguana.
The iguana bites you but does no damage.
Hit: f) +1 whip (elec)
Aim: an iguana (moderately wounded, about 36% to evade your +1 whip of electrocution)
You hit the iguana.
Hit: f) +1 whip (elec)
Aim: an iguana (heavily wounded, about 36% to evade your +1 whip of electrocution)
You hit the iguana. Lightning courses through the iguana!
You kill the iguana!
Lugonu accepts your kill.
You feel your strength returning.
Hit: f) +1 whip (elec)
Okay, then.
Found a leather armour.
Found a stone staircase leading up.
Eustachio the Magnificent comes into view.
He is wielding a +2 vampiric rapier and wearing a +3 leather armour of cold resistance.
Eustachio shouts!
Okay, then.
Eustachio casts a spell.
Eustachio blinks!
Eustachio hits you with a +2 vampiric rapier.
You closely miss Eustachio.
Eustachio gestures wildly while chanting.
You hit Eustachio but do no damage.
You tail-slap Eustachio, but do no damage.
The ufetubus barely misses you. The ufetubus hits you.
Eustachio barely misses you.
You hit Eustachio.
Your tail-slap misses Eustachio.
The ufetubus hits you but does no damage.
The ufetubus closely misses you. Eustachio completely misses you.
The ufetubus closely misses you. The ufetubus hits you.
You hit Eustachio. The ufetubus barely misses you.
The ufetubus closely misses you. Eustachio closely misses you.
You closely miss Eustachio. The ufetubus hits you.
The ufetubus closely misses you. The white imp hits you.
The white imp freezes you. Eustachio barely misses you.
You barely miss Eustachio. The ufetubus barely misses you.
The ufetubus closely misses you. The white imp puffs mist at you.
The white imp gestures at you. The puff of frost hits you.
The ufetubus hits you.
* * * LOW HITPOINT WARNING * * *
The ufetubus barely misses you.
You barely miss Eustachio. Eustachio barely misses you.
The white imp hits you but does no damage.
You block the ufetubus's attack. The ufetubus closely misses you.
You barely miss Eustachio. The ufetubus closely misses you.
The ufetubus barely misses you.
Eustachio hits you with a +2 vampiric rapier.
* * * LOW HITPOINT WARNING * * *
The white imp hits you.
* * * LOW HITPOINT WARNING * * *
The white imp freezes you.
* * * LOW HITPOINT WARNING * * *
You closely miss Eustachio.
The ufetubus hits you but does no damage.
The ufetubus barely misses you. Eustachio closely misses you.
The white imp hits you.
* * * LOW HITPOINT WARNING * * *
The white imp freezes you.
* * * LOW HITPOINT WARNING * * *
The ufetubus hits you.
You die...

....... #.# .......
#.# ....... ####.#
.....[.########....#
..........@........#
#..................#
###...#####........##
###. ######@5..# #
##@..## #.5..# #.####
###


You could see Eustachio, a white imp (summoned) and an ufetubus (summoned).

Vanquished Creatures
  An iguana (D:4)
  A bullfrog skeleton (D:4)
  Ijyb (D:3)
  5 adders
  A worm (D:4)
  A dart slug (D:2)
  2 orcs
  6 endoplasms
  3 giant cockroaches (D:1)
  8 hobgoblins
  3 jackals (D:2)
  A quokka (D:3)
  3 ball pythons
  5 bats
  3 frilled lizards
  5 goblins (D:1)
  4 kobolds
  8 rats
61 creatures vanquished.

Vanquished Creatures (others)
  A bat (D:3)
  2 withered plants (D:1)
3 creatures vanquished.

Grand Total: 64 creatures vanquished

Notes
Turn   | Place    | Note
-------+----------+-------------------------------------------
     0 | Abyss:1  | CryoSword the Demonspawn Abyssal Knight began the quest for
                  | the Orb.
     0 | Abyss:1  | Reached XP level 1. HP: 18/18 MP: 2/2
     4 | Abyss:1  | Found a corrupted altar of Lugonu.
    94 | Abyss:1  | Noticed a starcursed mass
    95 | D:1      | Escaped the Abyss
   162 | D:1      | Reached skill level 2 in Axes
   404 | D:1      | Discovered your monstrous ancestry.
   404 | D:1      | Gained mutation: You have a small tail. [demonic ancestry]
   404 | D:1      | Reached XP level 2. HP: 22/24 MP: 3/3
   437 | D:1      | Reached * piety under Lugonu
   870 | D:1      | Reached skill level 3 in Axes
   960 | D:1      | Found a faded altar of an unknown god.
  1438 | D:2      | Gained mutation: You have sharp fingernails. [demonic
                  | ancestry]
  1438 | D:2      | Reached XP level 3. HP: 28/29 MP: 4/4
  1915 | D:2      | Found an iron altar of Okawaru.
  2663 | D:3      | Reached ** piety under Lugonu
  2664 | D:3      | Gained mutation: A meltable shield of frost defends you.
                  | (SH +4) [demonic ancestry]
  2664 | D:3      | Reached XP level 4. HP: 35/35 MP: 5/5
  2721 | D:3      | Noticed Ijyb
  2724 | D:3      | Reached skill level 4 in Axes
  2875 | D:3      | Killed Ijyb
  4028 | D:4      | Found Zemudiuf's Weapon Shop.
  4138 | D:4      | Reached XP level 5. HP: 23/41 MP: 6/6
  4285 | D:4      | Identified the amulet "Wuc Wet" {Faith *Slow Dex+8}
  4331 | D:4      | Reached skill level 5 in Axes
  4549 | D:4      | Noticed Eustachio
  4575 | D:4      | HP: 2/41 [white imp[Eustachio] (4)]
  4575 | D:4      | Slain by an ufetubus

Illustrated notes

Levels and vault maps discovered:
D:1:      matt_arrival_diagonals, layout_basic,
          ebering_ecumenical_altar_petrified
D:2:      layout_loops_ring, basic_altar
D:3:      layout_basic, grunt_ministairs_6, roderic_roman_lattice, minivault_24,
          uniq_ijyb
D:4:      layout_cave_pods, serial_shops, kennysheep_little_box, uniq_eustachio

Skill      XL: |  1  2  3  4  5 |
---------------+----------------+-----
Axes           | 2 3 4 5 |  5.2
Fighting       | |  3.0
Armour         | |  1.7
Dodging        | |  0.8
Invocations    | |  2.4

Action                   |  1- 3 |  4- 6 || total
-------------------------+-------+-------++-------
Melee: Hand axe          |   126 |    32 ||   158
       Tailslap          |    10 |    11 ||    21
       Whip              |       |    56 ||    56
Invok: Depart the Abyss  |     1 |       ||     1
       Bend Space        |       |     2 ||     2
Evoke: Wand              |       |     1 ||     1
  Use: Scroll            |     4 |       ||     4
       Potion            |       |     3 ||     3
Armor: Leather armour    |    28 |       ||    28
       Scale mail        |     6 |    25 ||    31
Dodge: Dodged            |    71 |    51 ||   122
Block: Other             |       |     6 ||     6
